 Dungeon Crawl Stone Soup version 0.31-a0-833-gc15d34cb79 (webtiles) character file.

Game seed: 5522514087880021662

2 randomguy2701 the Charlatan (level 1, 0/13 HPs)
             Began as a Gnoll Wanderer on Sept 26, 2023.
             Slain by a quokka (3 damage)
             ... on level 1 of the Dungeon.
             The game lasted 00:00:43 (85 turns).

randomguy2701 the Charlatan (Gnoll Wanderer)          Turns: 85, Time: 00:00:43

Health: 0/13       AC:  2    Str: 12    XL:     1   Next: 40%
Magic:  6/6        EV: 11    Int: 12    God:
Gold:   0          SH:  4    Dex:  9    Spells: 8/9 levels left

rFire   . . .        a - +0 club
rCold   . . .        b - +0 buckler
rNeg    . . .        d - +0 robe
rPois   .            (no helmet)
rElec   .            (no cloak)
rCorr   .            (no gloves)
SInv    .            (no boots)
Will    .....        (no amulet)
Stlth   ++           (no ring)
HPRegen 0.22/turn    (no ring)
MPRegen 0.10/turn

%: no passive effects
@: no status effects
A: fangs 1, strong nose, distributed training
a: no special abilities


You were on level 1 of the Dungeon.
You visited 1 branch of the dungeon, and saw 1 of its levels.

Inventory:

Hand Weapons
 a - a +0 club (weapon)
Armour
 b - a +0 buckler (worn)
 d - a +0 robe (worn)
Wands
 e - a wand of polymorph (12)
Potions
 c - a potion of heal wounds


   Skills:
 + Level 0.0 Fighting
 + Level 0.0 Short Blades
 + Level 0.0 Long Blades
 + Level 0.0 Axes
 + Level 0.0 Maces & Flails
 + Level 0.0 Polearms
 + Level 0.0 Staves
 + Level 0.0 Ranged Weapons
 + Level 0.0 Throwing
 + Level 0.0 Armour
 + Level 2.3 Dodging
 + Level 2.1 Stealth
 + Level 2.3 Shields
 + Level 0.0 Unarmed Combat
 + Level 4.8 Spellcasting
 + Level 0.0 Conjurations
 + Level 0.0 Hexes
 + Level 0.0 Summonings
 + Level 0.0 Necromancy
 + Level 0.0 Translocations
 + Level 0.0 Transmutations
 + Level 3.6 Fire Magic
 + Level 0.0 Ice Magic
 + Level 0.0 Air Magic
 + Level 0.0 Earth Magic
 + Level 0.0 Poison Magic
 + Level 0.1 Invocations
 + Level 6.4 Evocations
 + Level 0.0 Shapeshifting


You had 8 spell levels left.
You knew the following spells:

 Your Spells              Type           Power      Damage    Failure   Level
a - Foxfire               Conj/Fire      28%        2x1d5     14%         1

Your spell library contained the following spells:

 Spells                   Type           Power      Damage    Failure   Level
 Inner Flame              Hex/Fire       7%         N/A       38%         3


Dungeon Overview and Level Annotations

Branches:
Dungeon (1/15)

Altars:


Innate Abilities, Weirdness & Mutations

You have very sharp teeth.
Your uncanny sense of smell can sniff out nearby items.
Your experience applies equally to all skills.


Message History

The quokka barely misses you.
You hit the goblin. Your bite misses the goblin.
The goblin is severely wounded.
You block the quokka's attack. The goblin misses you.
The quokka twitches its whiskers.
The quokka closely misses you.
You hit the goblin but do no damage. You bite the goblin, but do no damage.
The goblin is severely wounded.
The quokka bites you. The goblin hits you with a +0 club.
You are too injured to fight recklessly!
You are too injured to fight recklessly!
You are too injured to fight recklessly!
You are too injured to fight recklessly!
You are too injured to fight recklessly!
You are too injured to fight recklessly!
You are too injured to fight recklessly!
You are too injured to fight recklessly!
You are too injured to fight recklessly!
Unknown command.
You are too injured to fight recklessly!
Unknown command.
You are too injured to fight recklessly!
You hit the goblin but do no damage.
The goblin is severely wounded.
The quokka barely misses you. You block the goblin's attack.
The quokka closely misses you. The goblin closely misses you.
Unknown command.
You closely miss the goblin.
The goblin is severely wounded.
The quokka closely misses you. The goblin barely misses you.
You block the quokka's attack.
You barely miss the goblin.
The goblin is severely wounded.
The goblin closely misses you. The quokka bites you.
You closely miss the goblin.
The goblin is severely wounded.
The quokka bites you.
* * * LOW HITPOINT WARNING * * *
The goblin misses you. The quokka bites you.
You die...

.. ∆ ... ). ... ♣♣♣..
..# ...# P..♣ #......#
...♣ #......# ..P♣.
#.#..#.# .PP♣.. #......#
P..♣... #..# #g#######
P..♣ .. #..# #.@r....#
.PP♣.###.##.###.#####...
.PP♣............#
♣♣♣♣..##.##.#####
......## #.# #...... #.#
...##.#####.###
....#.........#
.........####.#


You could see a quokka and a goblin.

Vanquished Creatures
  A dart slug (D:1)
1 creature vanquished.

Notes
Turn   | Place    | Note
-------+----------+-------------------------------------------
     0 | D:1      | randomguy2701 the Gnoll Wanderer began the quest for the
                  | Orb.
     0 | D:1      | randomguy2701 set off with the following items: a +0 club,
                  | a +0 buckler, a potion of heal wounds, a +0 robe, a wand of
                  | polymorph (12); and the following spell memorised: Foxfire;
                  | and the following spells available to memorise: Inner
                  | Flame.
     0 | D:1      | Reached XP level 1. HP: 13/13 MP: 6/6
    85 | D:1      | Slain by a quokka

Illustrated notes

Levels and vault maps discovered:
D:1:      scummos_arrival_checkerplants, layout_loops_cross,
          supply_closet_lemuel

Action                     || total
---------------------------++-------
  Melee: Club              ||    15
         Bite              ||     1
   Stab: Distracted        ||     1
 Armour: Robe              ||     8
  Dodge: Dodged            ||    15
  Block: Buckler           ||     4

Table legend: (Time is in decaauts)
 A = Elapsed time spent in this place.
 B = Non-inter-level travel time spent in this place.
 C = Inter-level travel time spent in this place.
 D = Time resting spent in this place.
 E = Time spent auto-exploring this place.
 F = Levels seen in this place.
 G = Mean time per level.
                   A        B        C        D        E       F      G
               +--------+--------+--------+--------+--------+-----+--------+
         Total |     89 |     89 |      0 |      0 |     62 |   1 |   89.0 |
       Dungeon |     89 |     89 |      0 |      0 |     62 |   1 |   89.0 |
               +--------+--------+--------+--------+--------+-----+--------+

Top non-repeatable levels by time:
     D:1: 89 daAuts
